Map: Acid Plant LE

Players

Harstem - Winner!

  • Race: Protoss Protoss
  • Spawn Location: 5:00

Seither

  • Race: Terran Terran
  • Spawn Location: 11:00

Event: WCS Valencia 2018

VOD

Have the link to the VOD?

Description

Time

  • Played on: July 12, 2018, 1:45 p.m.
  • Length: 11:38

All games in this series

Show
View Real Time Build Order
Export as new Build Order

Harstem Protoss - Winner!

Build Orders: 1 Gate Expand, Oracle Opening 

Get SALT Encoding   

  12  0:00  Probe  
  13  0:12  Probe  
  14  0:17  Pylon  
  14  0:23  Probe  
  15  0:32  Probe  
  15  0:37  Gateway  
  15  0:40  Probe  
  16  0:48  Assimilator  
  17  0:51  Probe  
  18  1:03  Probe  
  19  1:15  Probe  
  20  1:23  Nexus  
  20  1:34  Cybernetics Core  
  20  1:37  Probe  
  21  1:44  Assimilator  
  21  1:49  Probe  
  22  1:54  Pylon  
  22  2:01  Probe  
  22  2:03  Adept  
  23  2:13  Probe  
  26  2:16  Stargate  
  26  2:25  Probe  
  26  2:28  Warp Gate  
  26  2:29  Adept  
  27  2:32  Probe  
  27  2:33  Probe  
  30  2:41  Probe x2  
  31  2:50  Oracle  
  33  2:51  Probe  
  33  2:52  Probe  
  35  3:03  Probe  
  35  3:04  Probe  
  41  3:15  Probe  
  41  3:18  Probe  
  43  3:20  Oracle  
  43  3:26  Pylon  
  43  3:27  Probe  
  43  3:30  Probe  
  46  3:35  Gateway  
  46  3:37  Gateway  
  46  3:38  Pylon  
  46  3:44  Probe x2  
  48  3:57  Probe x2  
  48  4:01  Nexus  
  50  4:10  Probe  
  50  4:12  Probe, Pylon  
  52  4:18  Assimilator  
  52  4:21  Probe  
  52  4:22  Forge, Assimilator  
  52  4:23  Twilight Council  
  52  4:24  Probe  
  52  4:30  Blink  
  54  4:31  Probe  
  54  4:36  Probe, Stalker, Sentry  
  54  4:38  Stalker  
  62  4:43  Probe  
  63  4:50  Probe  
  63  4:51  Pylon  
  64  4:55  Probe  
  64  4:56  Protoss Ground Weapons Level 1  
  65  5:03  Probe  
  66  5:11  Gateway  
  66  5:13  Gateway  
  67  5:15  Probe  
  67  5:16  Sentry  
  67  5:17  Sentry, Gateway  
  67  5:18  Probe  
  73  5:25  Stalker  
  76  5:32  Robotics Facility  
  76  5:33  Probe  
  76  5:34  Probe  
  76  5:36  Probe  
  76  5:41  Pylon  
  77  5:46  Probe  
  77  5:47  Probe  
  77  5:48  Stalker x2  
  83  5:50  Shield Battery  
  83  5:53  Pylon  
  83  5:54  Stalker  
  85  5:59  Probe, Pylon  
  86  6:11  Stalker x2, Phoenix  
  90  6:13  Immortal, Stalker x2, Pylon  
  100  6:26  Probe  
  100  6:31  Shield Battery  
  101  6:36  Probe  
  101  6:37  Probe  
  101  6:38  Stalker x2  
  107  6:47  Pylon  
  107  6:53  Probe x2, Robotics Bay  
  109  6:55  Assimilator, Pylon  
  109  6:57  Stalker  
  109  6:59  Assimilator  
  111  7:02  Stalker  
  111  7:03  Zealot, Photon Cannon  
  111  7:04  Zealot  
  117  7:08  Stalker x2  
  117  7:10  Probe  
  122  7:16  Shield Battery  
  122  7:19  Protoss Ground Armor Level 1  
  122  7:20  Pylon  
  122  7:24  Pylon  
  122  7:26  Pylon  
  122  7:29  Disruptor  
  120  7:30  Stalker x3  
  126  7:44  Probe  
  130  7:45  Probe  
  130  7:47  Charge, Pylon  
  131  7:55  Disruptor, Stalker x3  
  131  7:57  Shield Battery  
  135  7:59  Pylon  
  138  8:13  Zealot x3  
  140  8:20  Zealot x3  
  121  8:34  Zealot x3  
  124  8:43  Stalker x3  
  124  8:44  Probe  
  129  8:53  Probe  
  129  8:55  Probe  
  131  8:56  Disruptor  
  134  9:03  Stalker x2, Photon Cannon  
  134  9:09  Stalker x2  
  142  9:10  Nexus  
  142  9:14  Pylon  
  142  9:15  Forge  
  142  9:16  Protoss Ground Armor Level 2  
  142  9:21  Disruptor  
  143  9:24  Probe x2  
  143  9:27  Dark Shrine  
  144  9:35  Zealot x3  
  151  9:44  Pylon  
  151  9:45  Zealot x3  
  157  10:03  Zealot x3  
  163  10:10  Zealot x3  
  156  10:21  Probe  
  157  10:29  Zealot x3  
  157  10:31  Probe x2  
  157  10:32  Disruptor, Pylon  
  165  10:35  Stalker x2  
  165  10:36  Stalker  
  171  10:45  Probe  
  171  10:48  Photon Cannon  
  172  10:50  Shield Battery  
  172  10:51  Photon Cannon  
  172  10:53  Pylon, Photon Cannon  
  172  10:56  Dark Templar x3  
  178  11:04  Dark Templar x3  
  185  11:28  Zealot x2  
  185  11:29  Zealot  
Show
View Real Time Build Order
Export as new Build Order

Seither Terran 

Build Orders: Cyclone Opening, Gas First Reaper Expand, Reaper Expand, MMM Bio 

Get SALT Encoding   

  12  0:00  SCV  
  13  0:12  SCV  
  14  0:17  Supply Depot  
  14  0:24  SCV  
  15  0:29  Refinery  
  15  0:38  SCV  
  16  0:44  Barracks  
  16  0:50  SCV  
  17  1:02  SCV  
  18  1:15  SCV  
  19  1:31  Orbital Command  
  19  1:32  Reaper  
  20  1:44  Command Center  
  20  1:55  Factory  
  20  1:58  SCV  
  21  2:06  Barracks Reactor  
  21  2:11  SCV  
  21  2:13  Supply Depot  
  22  2:17  Refinery  
  22  2:23  SCV  
  23  2:35  SCV  
  24  2:44  Marine x2  
  24  2:45  Barracks  
  24  2:47  SCV  
  24  2:50  Cyclone  
  30  2:59  SCV  
  30  3:00  Orbital Command  
  30  3:04  Marine  
  32  3:06  Marine  
  32  3:11  SCV  
  34  3:25  Widow Mine  
  35  3:27  Marine x2  
  35  3:28  SCV x2  
  35  3:32  Barracks Tech Lab  
  35  3:33  Supply Depot  
  39  3:40  SCV  
  40  3:43  SCV  
  40  3:47  Supply Depot  
  41  3:57  Marine  
  41  3:58  Marine, Factory Tech Lab  
  41  4:00  Stimpack, Marine  
  41  4:02  Barracks  
  44  4:05  SCV x2  
  45  4:12  Engineering Bay  
  45  4:17  SCV x2  
  45  4:18  Supply Depot  
  45  4:22  Marine  
  45  4:23  Marine x2  
  50  4:29  SCV x2  
  52  4:33  Factory Reactor  
  52  4:36  Starport  
  52  4:37  Refinery  
  52  4:41  SCV x2  
  52  4:43  Terran Infantry Weapons Level 1  
  54  4:47  Supply Depot, Marine x2  
  54  4:48  Marine  
  57  4:53  SCV x2  
  59  5:05  SCV  
  59  5:06  SCV  
  61  5:10  Combat Shield  
  61  5:11  Marauder, Marine x2  
  65  5:18  Supply Depot, SCV x2  
  67  5:21  Medivac x2  
  67  5:22  Factory Reactor  
  67  5:26  Supply Depot  
  71  5:30  SCV x2  
  71  5:34  Marauder x2, Marine  
  78  5:39  Marine  
  78  5:40  Supply Depot  
  79  5:47  SCV x2  
  81  5:52  Marine  
  81  5:56  Marauder x2, Medivac x2  
  90  5:57  Marine  
  90  5:59  Widow Mine  
  90  6:02  Widow Mine  
  90  6:03  Supply Depot  
  95  6:07  Supply Depot  
  95  6:15  Command Center  
  95  6:16  Marine  
  95  6:17  Marine  
  97  6:18  SCV x2  
  97  6:21  Marauder  
  97  6:25  Marauder  
  103  6:36  Supply Depot x2  
  103  6:38  Refinery  
  103  6:39  Barracks, Marine x2  
  105  6:41  SCV, Barracks  
  105  6:44  Supply Depot  
  106  6:52  Terran Infantry Armor Level 1, Medivac x2  
  110  6:58  SCV x2  
  112  7:07  Widow Mine x2  
  116  7:09  Marine x2  
  116  7:10  Marauder x2  
  116  7:11  SCV  
  116  7:12  SCV  
  123  7:27  Marine x2  
  125  7:32  Orbital Command  
  125  7:33  SCV x2  
  125  7:35  Barracks Tech Lab, Barracks Reactor  
  127  7:43  Armory, Engineering Bay, Medivac x2  
  127  7:44  Widow Mine x2  
  135  7:51  SCV x2  
  136  7:55  Refinery, Ghost Academy  
  136  7:56  Refinery  
  136  8:01  Marauder x2, Marine x2  
  142  8:10  Marauder  
  144  8:18  Marine  
  144  8:19  Marine  
  138  8:22  Marauder  
  138  8:24  Marauder, Marine x2  
  138  8:26  SCV  
  138  8:27  SCV  
  126  8:32  Marauder  
  124  8:40  Starport  
  120  8:43  Fusion Core  
  120  8:44  Marauder  
  120  8:47  Terran Infantry Armor Level 2, Terran Infantry Weapons Level 2, Marine x3  
  122  8:52  SCV x3  
  125  9:00  Marauder, Marine  
  125  9:01  Marauder, Medivac x2  
  134  9:03  Command Center  
  134  9:04  SCV x2  
  134  9:05  Marauder, Marine  
  139  9:14  Liberator  
  139  9:19  Marine x2  
  139  9:20  Starport Tech Lab  
  139  9:22  Marauder x2  
  139  9:23  Terran Vehicle And Ship Armor Level 1  
  144  9:25  Barracks  
  144  9:26  Barracks  
  144  9:27  SCV, Barracks  
  144  9:28  SCV  
  144  9:29  Sensor Tower  
  149  9:37  Missile Turret  
  149  9:43  Missile Turret  
  149  9:46  Marauder x3, Advanced Ballistics, Marine x2  
  152  10:06  Liberator  
  150  10:16  Liberator  
  142  10:22  Barracks Tech Lab x2, Barracks Reactor  
  142  10:23  Marauder x3, Marine x3  
  131  10:31  Orbital Command, Marine  
  135  10:38  Orbital Command  
  135  10:40  Marine  
  136  10:43  SCV  
  136  10:45  Marauder x3  
  136  10:47  Marine  
  136  10:49  Concussive Shells  
  144  10:55  SCV  
  147  11:05  Marine x2  
  147  11:06  Marauder x2  
  153  11:16  Marine  
  153  11:17  Marauder, Marine  
Tags
 
Add a new tag
Caveats
  • Supply blocks, unpowered buildings, or Contaminate may cause inaccurate times.
  • Supply counts are checked every 10 seconds.